 Dungeon Crawl Stone Soup version 0.30.1-9-gdf580d7c3d (webtiles) character file.

Game seed: 4248184418697780676

115416 Dillybarz the Severer (level 16, -24/150 (152) HPs)
             Began as a Minotaur Fighter on Oct 10, 2023.
             Was the Champion of Okawaru.
             Blown up by an orb spider (66 damage)
             ... with an orb of destruction
             ... on level 2 of the Spider Nest on Oct 13, 2023.
             The game lasted 01:47:37 (23372 turns).

Dillybarz the Severer (Minotaur Fighter)           Turns: 23372, Time: 01:47:37

HP:   -24/150 (152) AC: 28    Str: 31    XL:     16   Next: 18%
MP:   21/21         EV:  7    Int:  7    God:    Okawaru [******]
Gold: 1701          SH: 20    Dex: 15    Spells: 15/15 levels left

rFire   . . .        g - +9 hand axe of Destiny {flame, rElec rPois Str+3}
rCold   . . .        A - +0 tower shield
rNeg    . . .        I - +1 plate armour of Hadjma {rElec Dex+3}
rPois   +            S - +2 hat {Will+}
rElec   +            R - +0 cloak
rCorr   .            H - +2 pair of gloves {Str+3}
SInv    .            h - +1 pair of boots
Will    +++..        p - amulet of regeneration Stlth
                     v - ring of willpower
HPRegen 1.25/turn    t - +4 ring of slaying
MPRegen 0.17/turn

%: no passive effects
@: lightly drained
A: horns 2, retaliatory headbutt
a: Renounce Religion, Heroism, Finesse, Duel


You were on level 2 of the Spider Nest.
You worshipped Okawaru.
Okawaru was exalted by your worship.
You visited 5 branches of the dungeon, and saw 25 of its levels.
You also visited: Bailey and Ice Cave.

You collected 2330 gold pieces.
You spent 629 gold pieces at shops.

Inventory:

Hand Weapons
 a - a +1 war axe of flaming
 b - a +5 heavy broad axe
 g - the +9 hand axe of Destiny (weapon) {flame, rElec rPois Str+3}
   (Okawaru gifted it to you on level 2 of the Orcish Mines)

   Str:       It affects your strength (+3).
   rElec:     It insulates you from electricity.
   rPois:     It protects you from poison.
Missiles
 s - 3 atropa-tipped darts (quivered)
 u - 5 javelins
 y - 11 throwing nets
 z - 37 boomerangs
 C - 45 poisoned darts
 U - 6 silver boomerangs
 W - 5 curare-tipped darts
Armour
 c - a +0 plate armour of cold resistance
 h - a +1 pair of boots (worn)
 A - a +0 tower shield (worn)
 H - a +2 pair of gloves of strength (worn)
 I - the +1 plate armour of Hadjma (worn) {rElec Dex+3}
   (You acquired it in a bailey)

   Dex:       It affects your dexterity (+3).
   rElec:     It insulates you from electricity.
 R - a +0 cloak (worn)
 S - a +2 hat of willpower (worn)
Jewellery
 e - a ring of flight
 p - an amulet of regeneration (around neck)
 t - a +4 ring of slaying (right hand)
 v - a ring of willpower (left hand)
 w - a ring of see invisible
 F - a +4 ring of protection
 K - a +5 ring of evasion
 O - a ring of protection from fire
 Z - a ring of resist corrosion
Wands
 i - a wand of flame (27)
 o - a wand of mindburst (53)
 B - a wand of light (9)
 E - a wand of roots (15)
 X - a wand of digging (14)
Scrolls
 l - 3 scrolls of fear
 n - a scroll of magic mapping
 q - 3 scrolls of teleportation
 r - 3 scrolls of blinking
 D - 2 scrolls of poison
 G - 5 scrolls of fog
 Y - a scroll of immolation
Potions
 d - 5 potions of might
 f - 5 potions of mutation
 j - 2 potions of invisibility
 k - 6 potions of flight
 m - 16 potions of curing
 x - 10 potions of attraction
 J - 2 potions of ambrosia
 L - a potion of cancellation
 N - a potion of haste
 P - 3 potions of lignification
 Q - 2 potions of heal wounds
 T - 2 potions of resistance
 V - a potion of berserk rage


   Skills:
 + Level 16.3 Fighting
 - Level 18.0 Axes
 + Level 6.3 Throwing
 + Level 16.3 Armour
 + Level 16.4 Shields
 + Level 8.8 Invocations


You had 15 spell levels left.
You didn't know any spells.
Your spell library contained the following spells:

 Spells                   Type           Power      Damage    Failure   Level
 Beastly Appendage        Tmut           0%         N/A       99%         1
 Kiss of Death            Conj/Necr      0%         2d5       99%         1
 Magic Dart               Conj           0%         1d3       99%         1
 Shock                    Conj/Air       0%         1d3       99%         1
 Slow                     Hex            0%         N/A       99%         1
 Sting                    Tmut/Pois      0%         1d3       99%         1
 Blink                    Tloc           0%         N/A       99%         2
 Lesser Beckoning         Tloc           0%         N/A       99%         2
 Momentum Strike          Conj/Tloc      0%         3d8       99%         2
 Poisonous Vapours        Pois/Air       0%         N/A       99%         2
 Searing Ray              Conj           0%         2d4       99%         2
 Wereblood                Tmut           0%         N/A       99%         2
 Confusing Touch          Hex            0%         N/A       100%        3
 Portal Projectile        Hex/Tloc       0%         N/A       100%        3
 Spider Form              Tmut/Pois      0%         N/A       100%        3
 Swiftness                Air            0%         N/A       100%        3
 Vampiric Draining        Necr           0%         2d6       100%        3
 Airstrike                Air            0%         2d(0-16)  100%        4
 Dispel Undead            Necr           0%         3d6       100%        4
 Fulminant Prism          Conj/Hex       0%         3d5       100%        4
 Leda's Liquefaction      Hex/Erth       0%         N/A       100%        4
 Olgreb's Toxic Radiance  Pois           0%         N/A       100%        4
 Passage of Golubria      Tloc           0%         N/A       100%        4
 Blade Hands              Tmut           0%         N/A       100%        5
 Lee's Rapid Deconstruct  Erth           0%         3d4*      100%        5
 Yara's Violent Unravell  Hex/Tmut       0%         3d3       100%        5
 Conjure Ball Lightning   Conj/Air       0%         3x3d6     100%        6
 Statue Form              Tmut/Erth      0%         N/A       100%        6
 Discord                  Hex            0%         N/A       100%        8
 Disjunction              Tloc           0%         N/A       100%        8
 Tukima's Dance           Hex            Unusable   N/A       N/A         3

Dungeon Overview and Level Annotations

Branches:
Dungeon (15/15)            Temple (1/1) D:5            Lair (5/5) D:9
 Shoals (0/4) Lair:3       Spider (2/4) Lair:3        Slime (0/5) Lair:5
    Orc (2/2) D:9             Elf (0/3) Orc:2        Vaults (0/5) D:13
 Depths (0/4) D:15         Bailey (visited)           IceCv (visited)

Altars:
Cheibriados
Elyvilon
Gozag
Kikubaaqudgha
Makhleb
Nemelex Xobeh
Okawaru
Qazlal
Sif Muna
Trog
Uskayaw
Vehumet
Jiyva

Shops:
D:5 [(   D:9 *   D:13 [   Orc:2 ([*=


Innate Abilities, Weirdness & Mutations

You have a pair of horns on your head.
You reflexively headbutt those who attack you in melee.


Message History

Things that are here:
a +1 hand axe of freezing; a +0 robe; a meliai corpse You slice the meliai!!
You burn the meliai! Your headbutt misses the meliai.
The meliai is almost dead.
You block the meliai's attack. The meliai misses you.
The meliai hits you but does no damage. You block the meliai's attack.
You slash the meliai! You burn the meliai.
You kill the meliai!
Okawaru accepts your kill.
Things that are here:
a +0 hand axe; a +0 robe The orb spider begins to weave its threads into a brightly glowing ball.
Things that are here:
a +1 hand axe of freezing; a +0 robe; a meliai corpse
Things that are here:
a +1 hand axe of freezing; a +0 robe; a meliai corpse The orb spider weaves a glowing orb of energy.
An orb of destruction comes into view.
Things that are here:
a +0 hand axe; a +0 robe You feel like a meek peon again.
The orb spider begins to weave its threads into a brightly glowing ball.
The orb of destruction hits you!!
* * * LOW HITPOINT WARNING * * *
Things that are here:
a +1 hand axe of freezing; a +0 robe; a meliai corpse You start resting.
An orb spider is nearby!
An orb spider is nearby!
Things that are here:
a +1 hand axe of freezing; a +0 robe; a meliai corpse The orb spider weaves a glowing orb of energy.
An orb of destruction comes into view.
Things that are here:
a +0 hand axe; a +0 robe The orb spider begins to weave its threads into a brightly glowing ball.
Things that are here:
a +1 hand axe of freezing; a +0 robe; a meliai corpse The orb of destruction hits you!!!
You die...

...........##........##
##^.
#...###...............#
##^.# [##.^
###^##..........# #.###
. ## ####^........# #.#
##.........# #.#
#.#........# ##.#
#.#...##.<#######.###
#.#..####...........##
#.#.☼@.#########..###.
#.##○### #...... ##.○##
#...... ##○# ##.####
#s# ##.†.# #)# ##...
#.# #... #....^... #...
?.(s..... #...


There were no monsters in sight!

Vanquished Creatures
  Jorgrun (Orc:2)
  Rupert (D:12)
  Frances (Spider:1)
  Gastronok (Orc:1)
  A ghost moth (Spider:1)
  3 orc warlords
  Nessos (Lair:3)
  Snorg (D:10)
  A fire dragon (D:15)
  Erolcha (D:11)
  Harold (D:9)
  5 hydras
  An ice dragon (D:15)
  4 two-headed ogres
  5 boulder beetles
  2 centaur warriors
  2 dancing weapons (D:13)
  A death knight (D:10)
  A death yak (Lair:5)
  4 orc high priests
  The ghost of spheroid the Ducker, a novice DjFE of Makhleb (D:9)
  Sonja (Orc:1)
  A skyshark (Lair:4)
  2 pharaoh ants
  A sun moth (Spider:1)
  A lindwurm (Lair:4)
  5 orb spiders
  Pikel (D:5)
  6 orc knights
  2 deep elf pyromancers
  9 wolf spiders
  A steelbarb worm (Spider:1)
  7 orc sorcerers
  24 ugly things
  2 cyclopes
  2 moths of wrath (Spider:1)
  4 manticores
  A cyclops (shapeshifter) (D:14)
  Maurice (Orc:1)
  An eye of devastation (shapeshifter) (D:10)
  2 ice statues (IceCv)
  5 elephants (Lair:5)
  2 torpor snails (Spider:1)
  A black mamba (Lair:3)
  11 cane toads
  3 demonic crawlers (Spider:1)
  2 gargoyles
  4 rime drakes
  8 komodo dragons
  2 kobold demonologists
  An unseen horror (D:11)
  Maggie (D:9)
  A tengu conjurer (D:13)
  6 trolls
  4 meliai
  6 tarantellas
  13 blink frogs
  5 hornets (Lair:5)
  7 polar bears
  Grinder (D:3)
  10 dream sheep (Lair:5)
  4 slime creatures
  16 spriggans (Lair:5)
  16 jumping spiders
  7 wyverns
  5 culicivoras
  A shadow (D:10)
  37 yaks
  25 redbacks
  4 steam dragons
  3 basilisks
  9 vampire mosquitoes
  Menkaure (D:5)
  The ghost of Drain the Conjurer, an amateur HuCj (D:3)
  2 wargs
  3 acid dragons
  18 water moccasins
  Duvessa (D:7)
  2 sky beasts (D:7)
  59 orc warriors
  2 ice beasts
  A sky beast (shapeshifter) (D:10)
  7 boggarts
  5 black bears
  3 ogres
  6 centaurs
  34 wolves
  A lemure (D:5)
  A kobold brigand (D:11)
  9 bullfrogs
  5 gnoll sergeants
  5 scorpions
  12 wights
  Dowan (D:7)
  20 killer bees
  8 electric eels
  7 howler monkeys
  3 vampire bats (D:8)
  2 hounds
  19 orc priests
  A jelly (D:6)
  A sleepcap (D:6)
  5 gnoll boudas
  Ijyb (D:3)
  An iguana (D:9)
  14 orc wizards
  3 wolf simulacra (IceCv)
  34 gnolls
  8 adders
  2 ufetubi (D:5)
  A worm (D:2)
  2 dart slugs (D:2)
  76 orcs
  6 bat zombies (D:8)
  6 endoplasms
  6 giant cockroaches
  9 hobgoblins
  11 jackals
  17 kobolds
  6 quokkas
  8 ball pythons
  5 bats
  3 frilled lizards
  15 goblins
  6 rats
818 creatures vanquished.

Vanquished Creatures (others)
  An orc wizard (D:10)
1 creature vanquished.

Grand Total: 819 creatures vanquished

Notes
Turn   | Place    | Note
-------+----------+-------------------------------------------
     0 | D:1      | Dillybarz the Minotaur Fighter began the quest for the Orb.
     0 | D:1      | Reached XP level 1. HP: 19/19 MP: 0/0
   309 | D:1      | Reached XP level 2. HP: 27/27 MP: 1/1
   517 | D:1      | Reached skill level 3 in Axes
   658 | D:1      | Found a faded altar of an unknown god.
  1060 | D:2      | Reached XP level 3. HP: 33/33 MP: 2/2
  1452 | D:2      | Reached XP level 4. HP: 29/40 MP: 3/3
  2147 | D:3      | Found a burning altar of Makhleb.
  2150 | D:3      | Reached skill level 4 in Axes
  2416 | D:3      | Noticed Grinder
  2416 | D:3      | Paralysed by Grinder for 4 turns
  2426 | D:3      | Killed Grinder
  2427 | D:3      | Reached skill level 5 in Axes
  2427 | D:3      | Reached XP level 5. HP: 13/47 MP: 4/4
  2427 | D:3      | Reached XP level 6. HP: 15/55 MP: 5/5
  2467 | D:3      | Found a runed translucent gate.
  2467 | D:3      | Found a runed translucent gate.
  2468 | D:3      | Found a runed translucent gate.
  2469 | D:3      | Found an opulent altar of Gozag.
  2471 | D:3      | Noticed Drain's ghost (amateur HuCj)
  2539 | D:3      | Noticed Ijyb
  2546 | D:3      | Killed Ijyb
  2751 | D:3      | Found a radiant altar of Vehumet.
  2822 | D:3      | Reached skill level 5 in Armour
  3019 | D:4      | Reached skill level 5 in Shields
  3021 | D:4      | Reached skill level 5 in Fighting
  3074 | D:4      | Found a shimmering blue altar of Sif Muna.
  3465 | D:5      | Entered Level 5 of the Dungeon
  3470 | D:5      | Noticed an ice beast
  3482 | D:5      | Killed an ice beast
  3483 | D:5      | Reached skill level 6 in Axes
  3483 | D:5      | Reached XP level 7. HP: 61/61 MP: 6/6
  3487 | D:5      | Found Zata's Tremendous Tomes.
  3606 | D:5      | Found a staircase to the Ecumenical Temple.
  3615 | Temple   | Entered the Ecumenical Temple
  3641 | Temple   | Became a worshipper of Warmaster Okawaru
  3692 | D:5      | Noticed Menkaure
  3700 | D:5      | Killed Menkaure
  3836 | D:5      | Noticed Pikel
  3845 | D:5      | Killed Pikel
  3845 | D:5      | Reached * piety under Okawaru
  3846 | D:5      | Reached skill level 8 in Axes
  3846 | D:5      | Reached XP level 8. HP: 52/71 MP: 7/7
  3858 | D:5      | Reached ** piety under Okawaru
  3869 | D:5      | Found Moro's Antique Armour Shop.
  3938 | D:5      | Found Kieshyrghu's Antique Weapon Boutique.
  4353 | D:5      | Reached skill level 9 in Axes
  4628 | D:6      | Reached XP level 9. HP: 79/79 MP: 8/8
  4930 | D:6      | Reached *** piety under Okawaru
  5004 | D:6      | Reached skill level 1 in Invocations
  5141 | D:7      | Received a gift from Okawaru
  5148 | D:7      | Reached skill level 10 in Axes
  5286 | D:7      | Found a stormy altar of Qazlal.
  5304 | D:7      | Noticed Duvessa
  5304 | D:7      | Noticed Dowan
  5308 | D:7      | Killed Duvessa
  5316 | D:7      | Killed Dowan
  5718 | D:8      | Reached **** piety under Okawaru
  5751 | D:8      | Reached XP level 10. HP: 82/89 MP: 11/11
  5759 | D:8      | Reached skill level 11 in Axes
  6270 | D:8      | Found a flagged portal.
  6282 | Bailey   | Entered a bailey
  6412 | Bailey   | Noticed an orc sorcerer
  6415 | Bailey   | HP: 4/90 [electric eel/bolt of electricity (7)]
  6445 | Bailey   | Killed an orc sorcerer
  6445 | Bailey   | Reached ***** piety under Okawaru
  6508 | Bailey   | Received a gift from Okawaru
  6687 | Bailey   | Found an iron altar of Okawaru.
  6687 | Bailey   | Noticed an orc high priest
  6727 | Bailey   | Killed an orc high priest
  6728 | Bailey   | Reached skill level 12 in Axes
  6750 | Bailey   | Identified the +6 scale mail of Classification {rPois rN+
                  | Int+3}
  6884 | Bailey   | Noticed an orc knight
  6894 | Bailey   | Killed an orc knight
  7046 | Bailey   | Acquired the +1 plate armour of Hadjma {rElec Dex+3}
  7129 | D:8      | Found a sparkling altar of Nemelex Xobeh.
  7410 | D:8      | Found an ancient bone altar of Kikubaaqudgha.
  7599 | D:9      | Found Cauruexe's Assorted Antiques.
  7607 | D:9      | Found a bloodstained altar of Trog.
  7642 | D:9      | Reached XP level 11. HP: 97/97 MP: 13/13
  7679 | D:9      | Found a transporter.
  7682 | D:9      | Noticed spheroid's ghost (novice DjFE)
  7682 | D:9      | Noticed a two-headed ogre
  7696 | D:9      | Found the +8 demon trident "Rift" {distort, reach+}
  7710 | D:9      | Noticed Maggie
  7735 | D:9      | Killed Maggie
  7775 | D:9      | Reached skill level 1 in Throwing
  7777 | D:9      | Reached skill level 5 in Invocations
  7777 | D:9      | Found a staircase to the Orcish Mines.
  7819 | D:9      | Found a staircase to the Lair.
  7819 | D:9      | Found the +7 Throatcutter {drain, coup de grace}
  7885 | D:9      | Received a gift from Okawaru
  8003 | D:9      | Noticed Harold
  8019 | D:9      | Killed Harold
  8020 | D:9      | Reached skill level 13 in Axes
  8044 | D:9      | Reached skill level 10 in Fighting
  8156 | D:9      | Identified the +1 ring mail of the Eternal Fruit {Harm rF-
                  | rN+ Dex+3}
  8165 | D:9      | Found a transporter.
  8219 | D:10     | Entered Level 10 of the Dungeon
  8282 | D:10     | Reached skill level 10 in Shields
  8286 | D:10     | Reached skill level 10 in Armour
  8297 | D:10     | Noticed a two-headed ogre
  8302 | D:10     | Killed a two-headed ogre
  8404 | D:10     | Noticed a death knight
  8417 | D:10     | Killed a death knight
  8580 | D:10     | Found a white marble altar of Elyvilon.
  8596 | D:10     | Noticed Snorg
  8611 | D:10     | Killed Snorg
  8695 | D:10     | Noticed a two-headed ogre
  8708 | D:10     | Killed a two-headed ogre
  8708 | D:10     | Reached ****** piety under Okawaru
  8708 | D:10     | Received a gift from Okawaru
  8709 | D:10     | Reached skill level 14 in Axes
  8819 | D:10     | Reached XP level 12. HP: 108/108 MP: 14/14
  9200 | Lair:1   | Entered Level 1 of the Lair of Beasts
 10270 | Lair:2   | Found a frozen archway.
 10283 | IceCv    | Entered an ice cave
 10303 | IceCv    | Found a transporter.
 10309 | IceCv    | Found the +10 zealot's sword {holy, Zealotry, *Rage rN+
                  | EV+3}
 10320 | IceCv    | Found a transporter.
 10336 | IceCv    | Reached skill level 15 in Axes
 10352 | IceCv    | Reached skill level 5 in Throwing
 10416 | Lair:2   | Received a gift from Okawaru
 11213 | Lair:3   | Noticed Nessos
 11219 | Lair:3   | Noticed a four-headed hydra
 11221 | Lair:3   | Killed Nessos
 11230 | Lair:3   | Killed a one-headed hydra
 11438 | Lair:3   | Found a staircase to the Shoals.
 11505 | Lair:3   | Reached XP level 13. HP: 117/117 MP: 15/15
 11518 | Lair:3   | Found a hole to the Spider Nest.
 11608 | Lair:3   | Reached skill level 16 in Axes
 13033 | Lair:5   | Entered Level 5 of the Lair of Beasts
 13044 | Lair:5   | Identified the scarf of the Spider Nest {harm, Regen+}
                  | (Okawaru gifted it to you on level 5 of the Lair of Beasts)
 13044 | Lair:5   | Received a gift from Okawaru
 13211 | Lair:5   | Reached skill level 17 in Axes
 13390 | Lair:5   | Identified the +0 hand axe of Nemelex Xobeh's Regard
                  | {heavy, Int+7 Stlth-}
 13435 | Lair:5   | Found a viscous altar of Jiyva.
 13435 | Lair:5   | Found a staircase to the Slime Pits.
 13725 | Lair:5   | Reached XP level 14. HP: 122/129 MP: 16/16
 14086 | Lair:5   | Reached skill level 18 in Axes
 14795 | D:11     | Noticed Erolcha
 14807 | D:11     | Killed Erolcha
 14807 | D:11     | Received a gift from Okawaru
 15912 | D:12     | Noticed Rupert
 15921 | D:12     | Killed Rupert
 16732 | D:13     | Found Asyr's Antique Armour Shoppe.
 16784 | D:13     | Identified the +1 robe of the Original Sin {Harm Rampage
                  | rF- Stlth+}
 16894 | D:13     | Found a gate to the Vaults.
 17891 | D:15     | Entered Level 15 of the Dungeon
 18257 | D:15     | Received a gift from Okawaru
 18730 | D:15     | Found a staircase to the Depths.
 18817 | D:15     | Reached XP level 15. HP: 139/139 MP: 19/19
 19144 | Orc:1    | Entered Level 1 of the Orcish Mines
 19148 | Orc:1    | Noticed Maurice
 19148 | Orc:1    | Noticed Sonja
 19150 | Orc:1    | Noticed Gastronok
 19184 | Orc:1    | Killed Sonja
 19189 | Orc:1    | Killed Gastronok
 19190 | Orc:1    | Reached skill level 15 in Fighting
 19190 | Orc:1    | Reached skill level 15 in Armour
 19195 | Orc:1    | Killed Maurice
 19196 | Orc:1    | Reached skill level 15 in Shields
 19378 | Orc:2    | Entered Level 2 of the Orcish Mines
 19378 | Orc:2    | Found a staircase to the Elven Halls.
 19719 | Orc:2    | Identified the +9 hand axe of Destiny {flame, rElec rPois
                  | Str+3} (Okawaru gifted it to you on level 2 of the Orcish
                  | Mines)
 19719 | Orc:2    | Received a gift from Okawaru
 20311 | Orc:2    | Found Kinwus's Antique Armour Emporium.
 20312 | Orc:2    | Found Edwam's Antique Weapon Shoppe.
 20314 | Orc:2    | Found Meham's General Store.
 20314 | Orc:2    | Found Nysol's Jewellery Emporium.
 20319 | Orc:2    | Bought a scroll of enchant weapon for 105 gold pieces
 20319 | Orc:2    | Bought a scroll of magic mapping for 105 gold pieces
 20331 | Orc:2    | Bought a ring of resist corrosion for 280 gold pieces
 20340 | Orc:2    | Bought a tower shield for 139 gold pieces
 20501 | Orc:2    | Noticed Jorgrun
 20510 | Orc:2    | Killed Jorgrun
 20885 | D:3      | Killed Drain's ghost
 21042 | D:9      | Killed spheroid's ghost
 21393 | Spider:1 | Entered Level 1 of the Spider Nest
 21638 | Spider:1 | Received a gift from Okawaru
 22223 | Spider:1 | Noticed Frances
 22236 | Spider:1 | Killed Frances
 22236 | Spider:1 | Received a gift from Okawaru
 22237 | Spider:1 | Reached XP level 16. HP: 150/151 MP: 19/21
 22411 | Spider:1 | Received a gift from Okawaru
 23372 | Spider:2 | Blown up by an orb spider

Illustrated notes

Levels and vault maps discovered:
D:1:      elethiomel_arrival_maze, layout_loops_ring,
          shapermc_ecumenical_altar_flowoftime
D:2:      layout_basic, minmay_cupped
D:3:      layout_loops_corners, mainiacjoe_overflow_catwalk,
          mainiacjoe_overflow_tiny_flanked, ebering_ghost_gozag, uniq_ijyb,
          uniq_grinder
D:4:      layout_cave_pools, general_overflow_altar, corexii_shack,
          amcnicky_mini_pool_small, minivault_23
D:5:      layout_cave_pools, minmay_temple_entry_stoned_glass,
          serial_gnoll_camp, gnoll_camp_medium_02, gnoll_camp_mini_hut,
          gnoll_camp_mini_shop, gnoll_camp_mini_hut, gnoll_camp_mini_doghouse,
          gnoll_camp_mini_hut, portal_sewer_entry_b, nicolae_stop_n_shop_1,
          kennysheep_pointless_box, chequers_serial_rivers_room_a,
          nicolae_shop_i_like_big_books, uniq_menkaure, uniq_pikel
D:6:      layout_gridville
D:7:      layout_cave_pools, nicolae_qazlal_beasts_of_the_sky,
          serial_column_ruins, column_ruins_hut, column_ruins_open_medium_water,
          column_ruins_open_large, column_ruins_corridor_T, minivault_27,
          uniq_duvessa
D:8:      layout_basic, kennysheep_vampire_church, kennysheep_little_box,
          enter_bailey_7, minmay_bent
D:9:      layout_big_octagon, trog_three_pillars_becter,
          minmay_lair_entry_grove, gammafunk_ghost_arena, serial_shops, shop,
          uniq_maggie, uniq_harold
D:10:     minmay_ornate_pinched, layout_basic, nicolae_elyvilon_peaceful_grove,
          uniq_snorg
D:11:     layout_layer_cave, uniq_erolcha
D:12:     layout_basic, uniq_rupert
D:13:     layout_grid_maze, erik_vaults_1, serial_shops, shop
D:14:     layout_irregular_city, nicolae_two_hexagons, amethyst_killhole
D:15:     grunt_enter_depths_hoard, layout_stronghold, minmay_misc_feat_x
Temple:   jpeg_temple_clearing
Lair:1:   layout_cellular_growth
Lair:2:   layout_regular_city, portal_ice_cave_rime, serial_bayou_pond_a
Lair:3:   layout_roguey, elwin_shoals_entry_rocks,
          hellmonk_spider_entry_not_the_bees, serial_bayou_shore_b, uniq_nessos
Lair:4:   layout_long_grid, kilobyte_rumbling_trees, infiniplex_staircase_pool
Lair:5:   minmay_lair_end_enchanted_forest, layout_misc_corridors,
          dpeg_slime_entry_enclosed
Spider:1: layout_cave_pods, spiders_nest_spider_trap, uniq_frances
Spider:2: layout_cave_pods, hellmonk_test_site
Orc:1:    layout_caves, rock_pile, uniq_gastronok, uniq_sonja, uniq_maurice
Orc:2:    st_orc_congregation, layout_caves, mines2_david, uniq_jorgrun

Skill      XL: |  1  2  3  4  5  6  7  8  9 10 11 12 13 14 15 16 |
---------------+-------------------------------------------------+-----
Axes           | 3 5 6 8 9 10 12 14 15 17 18 | 18.0
Fighting       | 4 5 6 7 8 9 10 11 13 14 16 | 16.3
Armour         | 4 5 6 7 8 9 10 11 13 14 16 | 16.3
Shields        | 4 5 6 7 8 9 10 11 13 14 16 | 16.4
Invocations    | 3 4 5 7 8 |  8.8
Throwing       | 3 5 6 |  6.3

Action                     |  1- 3 |  4- 6 |  7- 9 | 10-12 | 13-15 | 16-18 || total
---------------------------+-------+-------+-------+-------+-------+-------++-------
  Melee: War axe           |    86 |    82 |   213 |   306 |    19 |       ||   706
         Headbutt          |    10 |    15 |    35 |    99 |   190 |    30 ||   379
         Broad axe         |       |       |       |   140 |   645 |       ||   785
         Hand axe          |       |       |       |       |   166 |    82 ||   248
  Throw: Stone             |       |     3 |       |       |       |       ||     3
         Dart              |       |       |       |     6 |     3 |       ||     9
 Invoke: Heroism           |       |       |       |     8 |    13 |     1 ||    22
         Finesse           |       |       |       |       |     1 |       ||     1
    Use: Scroll            |       |     7 |     6 |    18 |     8 |       ||    39
         Potion            |       |       |       |       |     1 |       ||     1
 Armour: Scale mail        |    38 |    12 |       |       |       |       ||    50
         Chain mail        |       |    21 |    75 |       |       |       ||    96
         Plate armour      |       |       |    37 |   217 |   498 |    34 ||   786
  Dodge: Dodged            |    45 |    28 |    70 |   108 |   214 |    14 ||   479
  Block: Buckler           |    15 |    24 |    35 |       |       |       ||    74
         Kite shield       |       |       |    47 |   260 |   491 |       ||   798
         Tower shield      |       |       |       |       |   161 |    74 ||   235
